 Dungeon Crawl Stone Soup version 0.31-a0-875-g02e7d12df6 (webtiles) character file.

Game seed: 8656403994047087281

29158 Joey1 the Severer (level 13, -2/125 HPs)
             Began as a Minotaur Berserker on Oct 12, 2023.
             Was a High Priest of Trog.
             Slain by a seven-headed hydra (13 damage)
             ... on level 2 of the Lair of Beasts.
             The game lasted 00:26:58 (12604 turns).

Joey1 the Severer (Minotaur Berserker)             Turns: 12604, Time: 00:26:59

Health: -2/125     AC: 20    Str: 30    XL:     13   Next: 13%
Magic:  12/12      EV: 13    Int:  4    God:    Trog [*****.]
Gold:   493        SH:  0    Dex: 10    Spells: 12/12 levels left

rFire   + . .        V - +1 broad axe (heavy)
rCold   . . .        (no shield)
rNeg    + . .        l - +0 plate armour
rPois   +            X - +1 hat {Will+}
rElec   +            (no cloak)
rCorr   .            e - +2 pair of gloves of the Shore {rElec rF+ Str+3}
SInv    .            C - +0 pair of boots
Will    +....        (no amulet) Stlth
                     h - +5 ring of evasion
HPRegen 0.40/turn    t - ring "Beabb" {Contam Fly rPois rN+ Slay+4}
MPRegen 0.13/turn

%: no passive effects
@: flying, studying Shields
A: horns 2, retaliatory headbutt
a: Renounce Religion, Berserk, Trog's Hand, Brothers in Arms


You were on level 2 of the Lair of Beasts.
You worshipped Trog.
Trog was extremely pleased with you.
You visited 2 branches of the dungeon, and saw 13 of its levels.
You also visited: Bailey.

You collected 846 gold pieces.
You spent 353 gold pieces at shops.

Inventory:

Hand Weapons
 a - a +0 hand axe
 y - a +0 war axe
 F - the +7 long sword "Gurrif" {elec, +Blink Dex+5 SInv Stlth-}
   (You found it in a bailey)

   Dex+5:     It affects your dexterity (+5).
   SInv:      It lets you see invisible.
   +Blink:    It lets you blink.
   Stlth-:    It makes you less stealthy.
 I - a +2 mace
 V - a +1 heavy broad axe (weapon)
Missiles
 O - a throwing net
 R - 4 curare-tipped darts
Armour
 b - a +0 animal skin
 e - the +2 pair of gloves of the Shore (worn) {rElec rF+ Str+3}
   (You acquired it on level 9 of the Dungeon)

   Str+3:     It affects your strength (+3).
   rF+:       It protects you from fire.
   rElec:     It insulates you from electricity.
 l - a +0 plate armour (worn)
 C - a +0 pair of boots (worn)
 X - a +1 hat of willpower (worn)
Jewellery
 f - a ring of ice
 h - a +5 ring of evasion (left hand)
 o - an amulet of magic regeneration
 t - the ring "Beabb" (right hand) {Contam Fly rPois rN+ Slay+4}
   (You found it on level 3 of the Dungeon)

   [ring of slaying]

   Slay+4:    It affects your accuracy & damage with ranged weapons and melee
   (+4).
   rPois:     It protects you from poison rN+: It protects you from negative
   energy.
   Fly:       It grants you flight.
   Contam:    It causes magical contamination when unequipped.
 B - an amulet of the acrobat
 J - an amulet of guardian spirit
 W - a +6 ring of intelligence
Wands
 A - a wand of flame (41)
 L - a wand of acid (9)
 N - a wand of polymorph (5)
 U - a wand of paralysis (4)
Scrolls
 d - 2 scrolls of immolation
 g - 2 scrolls of brand weapon {unknown}
 i - 3 scrolls of revelation
 n - 6 scrolls of teleportation
 p - 2 scrolls of noise
 r - 2 scrolls of amnesia {unknown}
 u - 9 scrolls of fear
 v - 2 scrolls of fog {unknown}
 G - 3 scrolls of enchant armour
 K - a scroll of blinking {unknown}
 Q - a scroll of poison {unknown}
 S - a scroll of torment {unknown}
 T - a scroll of silence {unknown}
Potions
 c - 12 potions of curing
 j - 3 potions of haste
 k - 21 potions of degeneration
 m - 5 potions of lignification
 q - a potion of resistance {unknown}
 s - 3 potions of attraction
 w - a potion of magic {unknown}
 x - a potion of heal wounds
 z - 2 potions of enlightenment {unknown}
 D - 2 potions of berserk rage {unknown}
 E - 2 potions of cancellation {unknown}
 H - a potion of invisibility {unknown}
 M - 2 potions of might
 P - 2 potions of brilliance {unknown}


   Skills:
 + Level 14.4 Fighting
 - Level 18.0 Axes
 - Level 10.2 Armour
 - Level 2.1 Dodging
 - Level 8.0 Evocations


You had 12 spell levels left.
You didn't know any spells.
Your spell library was empty.

Dungeon Overview and Level Annotations

Branches:
Dungeon (11/15)            Temple (0/1) D:5            Lair (2/5) D:11
 Shoals (0/4) Lair:2          Orc (0/2) D:11         Bailey (visited)
  Snake: Lair:2-3    Spider: Lair:2-3

Altars:
Kikubaaqudgha
Nemelex Xobeh
Okawaru
Yredelemnul
The Shining One

Shops:
D:1 :!(   D:3 (   D:4 *   D:6 *   D:8 :   D:9 [

Annotations:
D:8 3 runed translucent doors, exclusion: oklob sapling, tinfoiltophat's ghost, journeyman DjFE
Lair:2 exclusion: 2 oklob plants


Innate Abilities, Weirdness & Mutations

You have a pair of horns on your head.
You reflexively headbutt those who attack you in melee.


Message History

The seven-headed hydra barely misses you.
The seven-headed hydra bites you! The boulder beetle hits you!!!
* * * LOW HITPOINT WARNING * * *
The boulder beetle stops rolling and uncurls.
The cane toad stings you.
* * * LOW HITPOINT WARNING * * *
The hornet attacks as it pursues you! The hornet barely misses you.
You furiously retaliate!
You headbutt the hornet!
The cane toad stings you but does no damage.
You see here a rime drake corpse.
The boulder beetle leaps!
The seven-headed hydra bites you.
* * * LOW HITPOINT WARNING * * *
The seven-headed hydra closely misses you.
The seven-headed hydra bites you but does no damage.
The seven-headed hydra bites you!
* * * LOW HITPOINT WARNING * * *
The seven-headed hydra barely misses you.
The seven-headed hydra closely misses you.
The seven-headed hydra misses you.
You feel much better. The cane toad stings you!!
* * * LOW HITPOINT WARNING * * *
The cane toad barely misses you. The seven-headed hydra bites you.
* * * LOW HITPOINT WARNING * * *
The seven-headed hydra misses you. The seven-headed hydra bites you.
* * * LOW HITPOINT WARNING * * *
The seven-headed hydra bites you.
* * * LOW HITPOINT WARNING * * *
The seven-headed hydra misses you. x3
You feel much better. The hornet stings you!
* * * LOW HITPOINT WARNING * * *
The cane toad stings you!
* * * LOW HITPOINT WARNING * * *
The seven-headed hydra completely misses you.
The seven-headed hydra bites you!
* * * LOW HITPOINT WARNING * * *
The seven-headed hydra closely misses you.
The seven-headed hydra bites you but does no damage.
The seven-headed hydra barely misses you.
The seven-headed hydra bites you!
You die...

#.....#########
##..#### #
#.###~~.~
###~~.~.~
##~~.#..~
#~~~#...
##~~~.#
###y~~~.#.~~
#.@Dh~~....~
#.#F~~~~...~
#.##~~~.....
#..#~B~.....
##.##~~~~...
#...##~~~..~
##.#####~~.~
#.....####~
###P..#######
####


You could see a boulder beetle, a seven-headed hydra, a cane toad, a hornet and
a black bear.

Vanquished Creatures
  Gastronok (Lair:2)
  Harold (D:10)
  A hydra (Lair:1)
  A boulder beetle (D:11)
  5 two-headed ogres
  A death yak (Lair:1)
  Pikel (D:9)
  2 cyclopes (D:11)
  A manticore (Lair:2)
  3 elephants
  A black mamba (Lair:1)
  Maggie (Lair:1)
  A gargoyle (D:10)
  5 rime drakes
  Psyche (D:8)
  5 cane toads
  8 komodo dragons
  2 trolls
  2 polar bears (Lair:1)
  Grinder (D:6)
  2 hornets
  A blink frog (Lair:1)
  A wind drake (Lair:2)
  3 shadows
  14 yaks
  3 spriggans (Bailey)
  A wraith (D:11)
  4 wyverns
  3 steam dragons
  2 vampire mosquitoes (D:11)
  A basilisk (Lair:1)
  Menkaure (D:6)
  2 acid dragons
  Duvessa (D:6)
  17 water moccasins
  2 orc warriors (D:10)
  8 black bears
  2 ice beasts
  4 sky beasts
  5 ogres
  5 centaurs
  4 wolves (Lair:1)
  2 phantoms
  A lemure (D:9)
  2 kobold brigands
  7 bullfrogs
  2 scorpions
  16 wights
  12 killer bees
  A water moccasin skeleton (D:5)
  Dowan (D:6)
  3 troll zombies (D:11)
  A howler monkey (D:11)
  A centaur zombie (D:5)
  3 bullfrog zombies (D:5)
  3 hounds
  2 orc priests
  A bullfrog skeleton (D:5)
  A jelly (D:8)
  A gnoll bouda (D:6)
  5 iguanas
  2 sleepcaps
  2 orc wizards
  A scorpion zombie (D:5)
  5 ogre zombies (D:11)
  2 hound zombies (D:5)
  6 gnolls
  14 adders
  A shadow imp (D:8)
  2 white imps
  2 worms
  22 orcs
  3 bats
  4 endoplasms
  4 giant cockroaches
  7 hobgoblins
  A jackal (D:8)
  2 quokkas
  14 ball pythons
  2 frilled lizards
  9 goblins
  3 goblin skeletons (D:11)
  A goblin zombie (D:11)
  A hobgoblin skeleton (D:11)
  2 hobgoblin zombies (D:11)
  11 kobolds
  3 orc skeletons (D:11)
  15 orc zombies (D:11)
  A rat (D:3)
337 creatures vanquished.

Notes
Turn   | Place    | Note
-------+----------+-------------------------------------------
     0 | D:1      | Joey1 the Minotaur Berserker began the quest for the Orb.
     0 | D:1      | Reached XP level 1. HP: 19/19 MP: 0/0
   275 | D:1      | Reached skill level 4 in Axes
   316 | D:1      | Reached XP level 2. HP: 27/27 MP: 1/1
   375 | D:1      | Found Quoxt's Vocational Training.
   416 | D:1      | Found Watot's Distillery.
   447 | D:1      | Found Xororoiv's Weapon Shop.
   668 | D:2      | Found an ancient bone altar of Kikubaaqudgha.
   722 | D:2      | Reached XP level 3. HP: 28/33 MP: 2/2
  1192 | D:3      | Reached ** piety under Trog
  1262 | D:3      | Reached skill level 5 in Axes
  1262 | D:3      | Reached XP level 4. HP: 41/41 MP: 3/3
  1276 | D:3      | Found Etaof's Antique Weapon Boutique.
  1569 | D:3      | Identified the ring "Beabb" {Contam Fly rPois rN+ Slay+4}
  1826 | D:4      | Noticed a scorpion
  1838 | D:4      | Killed a scorpion
  1839 | D:4      | Reached XP level 5. HP: 47/47 MP: 4/4
  1891 | D:4      | Reached skill level 6 in Axes
  1931 | D:4      | Reached skill level 5 in Fighting
  1931 | D:4      | Reached XP level 6. HP: 51/56 MP: 5/5
  2000 | D:4      | Found a sparkling altar of Nemelex Xobeh.
  2007 | D:4      | Reached skill level 7 in Axes
  2018 | D:4      | Reached skill level 5 in Armour
  2199 | D:4      | Found Umuiteoc's Assorted Antiques.
  2208 | D:4      | Bought 3 scrolls labelled DUXZYSH XAOCVE for 69 gold pieces
  2208 | D:4      | Bought a scroll labelled HUUNANGUEJE for 23 gold pieces
  2208 | D:4      | Bought a scroll labelled HUUNANGUEJE for 23 gold pieces
  2208 | D:4      | Bought a scroll labelled ZASKAN CERI for 23 gold pieces
  2523 | D:5      | Entered Level 5 of the Dungeon
  2555 | D:5      | Found a glowing golden altar of the Shining One.
  2585 | D:5      | Found a staircase to the Ecumenical Temple.
  2602 | D:5      | Reached XP level 7. HP: 60/61 MP: 6/6
  2710 | D:5      | Reached skill level 8 in Axes
  2856 | D:5      | Reached *** piety under Trog
  2870 | D:5      | Reached skill level 9 in Axes
  2917 | D:5      | Reached XP level 8. HP: 65/68 MP: 7/7
  3173 | D:4      | Bought a scroll labelled ZASKAN CERI for 23 gold pieces
  3220 | D:6      | Noticed a two-headed ogre
  3230 | D:6      | Killed a two-headed ogre
  3231 | D:6      | Reached skill level 11 in Axes
  3303 | D:6      | Noticed Duvessa
  3303 | D:6      | Noticed Dowan
  3310 | D:6      | Killed Duvessa
  3310 | D:6      | Killed Dowan
  3498 | D:6      | Reached XP level 9. HP: 52/74 MP: 8/8
  3696 | D:6      | Noticed a troll
  3708 | D:6      | Killed a troll
  3709 | D:6      | Reached skill level 12 in Axes
  3836 | D:6      | Found Titoxt's General Store.
  3843 | D:6      | Noticed Grinder
  3847 | D:6      | Bought a potion of lignification for 33 gold pieces
  3847 | D:6      | Bought a potion of attraction for 33 gold pieces
  3860 | D:6      | Killed Grinder
  3861 | D:6      | Reached skill level 13 in Axes
  3980 | D:1      | Bought a potion of heal wounds for 70 gold pieces
  4373 | D:6      | Noticed Menkaure
  4378 | D:6      | Killed Menkaure
  4379 | D:6      | Reached skill level 10 in Armour
  4943 | D:7      | Reached skill level 14 in Axes
  4943 | D:7      | Reached XP level 10. HP: 81/81 MP: 9/9
  5720 | D:8      | Found Ilaa's Book Boutique.
  5763 | D:8      | Reached **** piety under Trog
  5789 | D:8      | Found a flagged portal.
  5811 | Bailey   | Entered a bailey
  6008 | Bailey   | Noticed a two-headed ogre
  6016 | Bailey   | Killed a two-headed ogre
  6017 | Bailey   | Reached skill level 15 in Axes
  6250 | Bailey   | Identified the +7 long sword "Gurrif" {elec, +Blink Dex+5
                  | SInv Stlth-}
  6328 | D:8      | Found a runed translucent gate.
  6328 | D:8      | Found a runed translucent gate.
  6332 | D:8      | Found a runed translucent gate.
  6335 | D:8      | Noticed tinfoiltophat's ghost (journeyman DjFE)
  6432 | D:8      | Noticed Psyche
  6440 | D:8      | Killed Psyche
  6683 | D:8      | Found a basalt altar of Yredelemnul.
  7265 | D:1      | Bought a potion of might for 56 gold pieces
  7402 | D:9      | Found an iron altar of Okawaru.
  7409 | D:9      | Reached skill level 16 in Axes
  7501 | D:9      | Noticed Pikel
  7511 | D:9      | Reached XP level 11. HP: 73/95 MP: 10/10
  7531 | D:9      | Killed Pikel
  7738 | D:9      | Noticed a two-headed ogre
  7742 | D:9      | Killed a two-headed ogre
  7743 | D:9      | Reached skill level 10 in Fighting
  7940 | D:9      | Found Ziabaxua's Antique Armour Shoppe.
  8066 | D:9      | Identified 2 scrolls of acquirement
  8069 | D:9      | Acquired a manual of Shields
  8071 | D:9      | Acquired the +2 pair of gloves of the Shore {rElec rF+
                  | Str+3}
  8147 | D:9      | Reached skill level 1 in Evocations
  8176 | D:10     | Entered Level 10 of the Dungeon
  8254 | D:10     | Found an ancient bone altar of Kikubaaqudgha.
  8354 | D:10     | Noticed Harold
  8368 | D:10     | Killed Harold
  8387 | D:10     | Reached ***** piety under Trog
  8717 | D:10     | Received a gift from Trog
  9138 | D:11     | Noticed a boulder beetle
  9160 | D:11     | Killed a boulder beetle
  9163 | D:11     | Noticed a two-headed ogre
  9338 | D:11     | Killed a two-headed ogre
  9465 | D:11     | Found a staircase to the Orcish Mines.
  9621 | D:11     | Noticed a two-headed ogre
  9630 | D:11     | Reached skill level 17 in Axes
  9632 | D:11     | Killed a two-headed ogre
  9633 | D:11     | Reached XP level 12. HP: 112/112 MP: 11/11
  9677 | D:11     | Found a staircase to the Lair.
 10335 | Lair:1   | Entered Level 1 of the Lair of Beasts
 10491 | Lair:1   | Reached skill level 5 in Evocations
 10656 | Lair:1   | Noticed Maggie
 10672 | Lair:1   | Killed Maggie
 11069 | Lair:1   | Noticed an eight-headed hydra
 11078 | Lair:1   | Killed an eight-headed hydra
 11079 | Lair:1   | Reached skill level 18 in Axes
 11128 | Lair:1   | Noticed a death yak
 11180 | Lair:1   | Killed a death yak
 11770 | Lair:2   | Noticed Gastronok
 11850 | Lair:2   | Killed Gastronok
 12011 | Lair:2   | Reached XP level 13. HP: 124/124 MP: 12/12
 12036 | Lair:2   | Received a gift from Trog
 12173 | Lair:2   | Found a staircase to the Shoals.
 12604 | Lair:2   | Slain by a seven-headed hydra

Illustrated notes

Levels and vault maps discovered:
D:1:      tekkud_arrival_beachfront_property, layout_basic, serial_shops, shop,
          nicolae_shop_real_fake_doors, nicolae_eternal_life,
          nicolae_shop_vocational
D:2:      layout_rooms, basic_altar
D:3:      layout_loops_ring, serial_shops, shop, kennysheep_generic_room_2
D:4:      layout_loops_ring, nemelex_xobeh_ov_fountains_minmay, serial_shops,
          shop
D:5:      layout_gridville, nicolae_tso_carved_into_rock,
          minmay_temple_entry_overgrown, serial_undead, serial_undead_e,
          serial_undead_b, serial_undead_d, serial_undead_c, minivault_23
D:6:      hangedman_cross_stitches, layout_gridville, serial_shops,
          nicolae_shop_peninsula, uniq_menkaure, uniq_grinder, uniq_duvessa
D:7:      layout_layer_cave
D:8:      layout_rooms, lemuel_round_altar, gammafunk_ghost_necromancy,
          serial_shops, nicolae_shop_gibbet_a_chance, enter_bailey_7,
          introduction_to_nature_1, uniq_psyche
D:9:      layout_roguey, lemuel_crystal_altar, serial_shops, shop,
          hangedman_decor_slide_cut, nicolae_houndstooth_variations, uniq_pikel
D:10:     layout_irregular_city, mainiacjoe_overflow_brackets,
          nicolae_tricolors, uniq_harold
D:11:     layout_basic, david_lair_generic, zombieorc2_lemuel,
          nrook_mini_backslash
Lair:1:   layout_regular_city, st_stairs_10, nzn_random_ring,
          serial_bayou_shore_b, serial_bayou_shore_b, grunt_megastairs_2,
          uniq_maggie
Lair:2:   layout_regular_city, minmay_shoals_entry_beasts,
          minmay_lair_oklob_items, hellmonk_guarded_unrand_seven_league_boots,
          uniq_gastronok

Skill      XL: |  1  2  3  4  5  6  7  8  9 10 11 12 13 |
---------------+----------------------------------------+-----
Axes           | 4 5 6 7 9 11 14 16 17 18 | 18.0
Fighting       | 4 5 8 11 14 | 14.4
Armour         | 3 4 5 6 8 10 | 10.2
Evocations     | 4 7 8 |  8.0
Dodging        | |  2.1

Action                     |  1- 3 |  4- 6 |  7- 9 | 10-12 | 13-15 || total
---------------------------+-------+-------+-------+-------+-------++-------
  Melee: Hand axe          |    75 |    63 |   196 |    20 |       ||   354
         Headbutt          |    10 |    15 |    43 |    83 |     7 ||   158
         Punch             |     1 |     1 |       |     2 |       ||     4
         War axe           |       |       |       |   408 |       ||   408
         Broad axe         |       |       |       |    25 |    23 ||    48
         Mace              |       |       |       |     6 |       ||     6
 Invoke: Trog's Hand       |       |     1 |     2 |     1 |       ||     4
         Berserk           |       |       |     4 |     7 |       ||    11
    Use: Scroll            |       |       |     5 |     7 |       ||    12
         Potion            |       |       |       |       |     2 ||     2
   Stab: Sleeping          |     1 |       |       |       |       ||     1
 Armour: Animal skin       |    22 |       |       |       |       ||    22
         Plate armour      |    17 |    24 |   128 |   275 |    45 ||   489
  Dodge: Dodged            |    42 |    37 |   113 |   241 |    31 ||   464

Table legend: (Time is in decaauts)
 A = Elapsed time spent in this place.
 B = Non-inter-level travel time spent in this place.
 C = Inter-level travel time spent in this place.
 D = Time resting spent in this place.
 E = Time spent auto-exploring this place.
 F = Levels seen in this place.
 G = Mean time per level.
                   A        B        C        D        E       F      G
               +--------+--------+--------+--------+--------+-----+--------+
         Total |  12593 |  11687 |    906 |   1009 |   8720 |  14 |  899.5 |
       Dungeon |   9795 |   8941 |    854 |    597 |   7065 |  11 |  890.5 |
          Lair |   2299 |   2247 |     52 |    226 |   1655 |   2 | 1149.5 |
        Bailey |    499 |    499 |      0 |    185 |      0 |   1 |  499.0 |
               +--------+--------+--------+--------+--------+-----+--------+

Top non-repeatable levels by time:
  Lair:1: 1534 daAuts
     D:6: 1213 daAuts
     D:7: 1131 daAuts
    D:10: 1112 daAuts
    D:11: 1022 daAuts
     D:8: 960 daAuts
     D:4: 836 daAuts
     D:9: 792 daAuts
     D:5: 781 daAuts
  Lair:2: 764 daAuts
     D:1: 715 daAuts
     D:3: 680 daAuts
     D:2: 548 daAuts
  Bailey: 499 daAuts
